[Event "Hungarian Super League 2024-25"]
[Site "Hungary"]
[Date "2024.11.02"]
[Round "1.42"]
[White "Nagy, Gabor"]
[Black "Sipos, Istvan"]
[Result "1/2-1/2"]
[ECO "E62"]
[WhiteElo "2458"]
[BlackElo "2454"]
[Annotator "TA"]
[PlyCount "61"]
[EventDate "2024.10.30"]
[EventType "team-tourn"]
[EventCountry "HUN"]
[SourceTitle "playchess.com"]
[Source "ChessBase"]
[SourceQuality "1"]
[TimeControl "40/5400+30:1800+30"]

1. c4 Nf6 2. Nc3 d6 3. Nf3 g6 4. d4 Bg7 5. g3 Bf5 6. Qb3 Qc8 7. Bg2 c6 8. O-O {[%emt 0:05:37] White is slightly better.} Ne4 9. Nd1 a5 10. Nh4 a4 11. Qe3 d5 12. Nxf5 Qxf5 13. cxd5 cxd5 14. Qd3 Nc6 15. Ne3 {[%emt 0:02:20] The position is equal.} Qd7 {[%emt 0:00:13] [#]} 16. Nxd5 $1 Qxd5 17. Bxe4 Qxd4 18. Bxc6+ bxc6 19. Qc2 O-O 20. Rd1 Qg4 21. Rb1 Qe6 22. b3 axb3 23. axb3 Rfd8 24. Be3 h5 25. Qc4 Rxd1+ 26. Rxd1 Qxc4 27. bxc4 Ra1 28. Rxa1 Bxa1 $11 {[%emt 0:00:05] KB-KB} 29. f4 f5 30. Kg2 Kf7 31. Kf3 {[%emt 0:00:07] Weighted Error Value: White=0.05 (flawless) /Black=0.05 (flawless) .  Inaccurate:     	---       	Black=1      OK:         	White=12    	Black=9      Best:        	---       	Black=1} 1/2-1/2

[Event "Hungarian Super League 2024-25"]
[Site "Hungary"]
[Date "2024.11.02"]
[Round "1.43"]
[White "Bokros, Albert"]
[Black "Nenezic, Marko"]
[Result "0-1"]
[ECO "B61"]
[WhiteElo "2396"]
[BlackElo "2497"]
[Annotator "TA"]
[PlyCount "94"]
[EventDate "2024.10.30"]
[EventType "team-tourn"]
[EventCountry "HUN"]
[SourceTitle "playchess.com"]
[Source "ChessBase"]
[SourceQuality "1"]
[TimeControl "40/5400+30:1800+30"]

1. e4 c5 2. Nf3 Nc6 3. d4 cxd4 4. Nxd4 Nf6 5. Nc3 d6 6. Bg5 Bd7 7. Qd2 Nxd4 8. Qxd4 Qa5 9. Bd2 e5 10. Qe3 Rc8 11. Bd3 a6 {[%emt 0:01:46] Wards off Nb5. White is slightly better.} 12. O-O Be6 13. Qg3 Qb6 14. a4 h5 15. a5 Qd8 {[%emt 0:00:07] [#]} 16. Nd5 h4 (16... Nxd5 $11 17. exd5 Bxd5) 17. Qf3 $14 h3 18. g3 Bxd5 19. exd5 g6 20. Bg5 (20. b4 $16) 20... Be7 21. c4 Nd7 22. Be3 f5 {[%emt 0:01:32] Prevents Qg4. And now ...e4 would win.} 23. Qe2 e4 24. Bc2 Ne5 (24... Kf7 $11 {remains equal.}) 25. Bb6 $16 Rc7 {[%emt 0:00:36][%cal Od8c8] [#]} 26. c5 $1 Nf3+ 27. Kh1 {[%emt 0:00:58] Hoping for Bxe4.} dxc5 28. Rad1 (28. b4 $16) 28... O-O $1 $36 {[%emt 0:03:57][%cal Oe7d6][%mdl 2048] Black fights for an advantage.} 29. Qc4 (29. d6 $11 Bxd6 30. Rd5) 29... Bd6 $1 $17 30. Ba4 {[%emt 0:01:32] [#] Black converts the advantage convincingly.} (30. Qc3 $15) 30... Rff7 $1 31. Qc1 {[%emt 0:00:46][%cal Oa4b3] [#] Dodges Qg5} (31. Qe2 Qf6) 31... Kh7 $1 {[%emt 0:01:17] Black is much more active.} 32. Qe3 {[%emt 0:00:41][%cal Od1c1] [#] Against c4} (32. Bb3 Qf6) 32... Qf6 $1 33. Bxc7 Rxc7 34. b3 {[%emt 0:00:24] White is weak on the dark squares} (34. Qc3 $17 Kg7 35. Qxf6+ Kxf6 36. b3) 34... Qe5 35. Rc1 Rf7 {[%emt 0:06:10][%cal Of5f4] ...f4! is the strong threat.} 36. Qc3 Nd4 {[%emt 0:02:29][%cal Of5f4] ...f4! would now be deadly.} (36... Qxd5 37. Rfd1 Qe6 38. b4 cxb4 39. Qe3) 37. f4 (37. Rce1 $142) 37... exf3 $19 38. Rce1 {[%emt 0:00:32] Dodges Qe2} Qxd5 {[%emt 0:00:31] ( -> ...f2+)} 39. Qc4 Qxc4 40. bxc4 g5 41. Be8 Rg7 42. g4 fxg4 43. Bh5 g3 44. hxg3 (44. Bxf3 $142 Nxf3 (44... gxh2 45. Be4+ Kg8 46. Rf6 $11) (44... g2+ $2 45. Bxg2 hxg2+ 46. Kxg2 $19) 45. Rxf3 g2+ (45... gxh2 46. Rxh3+ Kg8 47. Rh6 $14) 46. Kg1) 44... g4 45. Re4 Nf5 {[%emt 0:00:50] Black mates.} ({Less strong is} 45... Bxg3 46. Bxg4 Bc7 47. Bxh3 $17 (47. Bxf3 Nf5 $17)) 46. Rxg4 Rxg4 47. Bxg4 Nxg3+ {[%emt 0:00:04] Weighted Error Value: White=0.56/Black=0.07 (flawless) .  Mistake:       	White=8     	Black=2      Inaccurate:     	White=2     	Black=1      OK:         	White=13    	Black=18     Best:        	White=4     	Black=4      Strong:       	---       	Black=2} 0-1

[Event "Hungarian Super League 2024-25"]
[Site "Hungary"]
[Date "2024.11.02"]
[Round "1.44"]
[White "Berczes, David"]
[Black "Vanczak, Tamas"]
[Result "1/2-1/2"]
[ECO "E11"]
[WhiteElo "2413"]
[BlackElo "2413"]
[Annotator "RC"]
[PlyCount "142"]
[EventDate "2024.10.30"]
[EventType "team-tourn"]
[EventCountry "HUN"]
[SourceTitle "playchess.com"]
[Source "ChessBase"]
[SourceQuality "1"]
[TimeControl "40/5400+30:1800+30"]

1. d4 Nf6 2. Nf3 e6 3. c4 Bb4+ 4. Nbd2 d5 5. a3 Be7 6. g3 O-O 7. Bg2 b6 8. O-O Bb7 9. cxd5 exd5 10. Nb1 Bd6 11. Nc3 Re8 12. Bg5 h6 13. Bxf6 Qxf6 14. Qa4 Qe6 15. Bh3 Qe7 16. Nh4 Na6 17. Bd7 Red8 18. Bc6 Bxc6 19. Qxc6 Rac8 20. Nf5 Qf6 21. Qxd5 Bf8 22. Qf3 c5 23. d5 c4 24. d6 Kh8 25. Nd5 Qe6 26. Nde7 Rc5 27. Rad1 Qf6 28. e4 g6 29. Nh4 Qxf3 30. Nxf3 Rd7 31. Rd4 Bg7 32. e5 Bxe5 33. Nxe5 Rxe5 34. f4 Re6 35. f5 Rexd6 36. fxg6 fxg6 37. Nxg6+ Kg7 38. Rxd6 Rxd6 39. Ne5 Re6 40. Nxc4 b5 41. Na5 b4 42. Rc1 Re5 43. Nc6 Re2 44. axb4 Rxb2 45. Rc4 Kf6 46. Rf4+ Kg7 47. Rd4 Kf6 48. Rf4+ Kg7 49. h4 Nc7 50. Rd4 Nb5 51. Rd7+ Kf6 52. Rh7 Nc3 53. g4 Ne2+ 54. Kf1 Ng3+ 55. Ke1 Re2+ 56. Kd1 Re4 57. Rxh6+ Kg7 58. g5 Nf5 59. Rf6 Nxh4 60. b5 Rg4 61. Nxa7 Rxg5 62. Rc6 Nf3 63. Rc7+ Kf6 64. b6 Nd4 65. b7 Rg1+ 66. Kd2 Rb1 67. Nc8 Ne6 68. Rd7 Nc5 69. Rd6+ Ke5 70. Rb6 Rxb6 71. Nxb6 Nxb7 1/2-1/2

[Event "Hungarian Super League 2024-25"]
[Site "Hungary"]
[Date "2024.11.02"]
[Round "1.46"]
[White "Horvath, Adam"]
[Black "Torma, Robert"]
[Result "1/2-1/2"]
[ECO "C07"]
[WhiteElo "2384"]
[BlackElo "2419"]
[Annotator "TA"]
[PlyCount "64"]
[EventDate "2024.10.30"]
[EventType "team-tourn"]
[EventCountry "HUN"]
[SourceTitle "playchess.com"]
[Source "ChessBase"]
[SourceQuality "1"]
[TimeControl "40/5400+30:1800+30"]

1. e4 e6 2. d4 d5 3. Nd2 c5 4. exd5 Qxd5 5. Ngf3 cxd4 6. Bc4 Qd6 7. O-O Nf6 8. Nb3 Nc6 9. Nbxd4 Nxd4 10. Nxd4 a6 11. Bb3 Qc7 12. Re1 Bd7 13. Qf3 Bd6 14. Nf5 (14. h3 $1 $14) 14... Bxh2+ $15 15. Kh1 O-O-O $1 16. Nxg7 {[%emt 0:49:00] Black is slightly better.} Be5 {[%emt 0:17:18] [#] aiming for ...Rhg8.} 17. Bg5 Bc6 18. Bxf6 $2 Bxf3 $19 19. Bxe5 Qc5 (19... Qb6 $19 {[%cal Ob6f2] ( -> ...Qxf2!)} 20. Re3 Bc6 21. Nxe6 Rhg8 22. Nxd8 Bxg2+ (22... Kxd8 23. Rd1+ Kc8 24. Bd5 $11) (22... Qxd8 $2 23. Bg3 $19) 23. Kg1 Qh6 (23... Qxd8 24. Bxf7 Qh4 25. Bh2 $11) (23... Kxd8 24. Rd1+ Kc8 25. Bxf7 $11)) 20. Re3 $1 $15 Bc6 21. Nxe6 $1 Qe7 (21... fxe6 $15 22. Bxe6+ Bd7 23. Bxd7+ (23. Rc3 Qxc3 24. Bxd7+ Rxd7 $17) 23... Rxd7 (23... Kxd7 24. Bxh8 Qxc2 25. Bd4 $11) 24. Bxh8 (24. Rc3 Qxc3 25. Bxc3 Rhd8 $17) 24... Qf8 (24... Qxc2 $2 {is the wrong capture.} 25. Rc3+ Rc7 26. Rxc2 $18)) 22. Nxd8 $11 {[%emt 0:03:08] The position is equal.} Rxd8 23. Rae1 Qg5 {[%emt 0:04:43][%csl Gc6][%cal Rg5g2] [#]} 24. Bg3 $1 Qh5+ 25. Kg1 Rd1 26. c3 {[%emt 0:00:53] The board is on fire.} Rxe1+ 27. Rxe1 Bd7 28. Re7 Qg5 29. Rxf7 {[%emt 0:00:54] Rf8+ would now be deadly.} Qc1+ 30. Kh2 Qh6+ 31. Kg1 Qc1+ 32. Kh2 Qh6+ {[%emt 0:00:06] Weighted Error Value: White=0.27 (precise) /Black=0.45.  Loses game:     	White=1     	---        Missed win:     	---       	Black=1      Mistake:       	---       	Black=1      OK:         	White=4     	Black=10     Best:        	White=7     	Black=3      Strong:       	White=3     	Black=1} 1/2-1/2

[Event "Hungarian Super League 2024-25"]
[Site "Hungary"]
[Date "2024.11.02"]
[Round "1.47"]
[White "Fogarasi, Tibor"]
[Black "Szabo, Bence"]
[Result "1/2-1/2"]
[ECO "C42"]
[WhiteElo "2298"]
[BlackElo "2341"]
[Annotator "RC"]
[PlyCount "61"]
[EventDate "2024.10.30"]
[EventType "team-tourn"]
[EventCountry "HUN"]
[SourceTitle "playchess.com"]
[Source "ChessBase"]
[SourceQuality "1"]
[TimeControl "40/5400+30:1800+30"]

1. e4 e5 2. Nf3 Nf6 3. Nxe5 d6 4. Nf3 Nxe4 5. d3 Nf6 6. d4 g6 7. Be2 Bg7 8. O-O O-O 9. d5 Re8 10. c4 Ne4 11. Nbd2 Nxd2 12. Nxd2 Bf5 13. Nf3 c6 14. Bd3 Bg4 15. h3 Bxf3 16. Qxf3 Nd7 17. Bf4 Ne5 18. Bxe5 Bxe5 19. dxc6 bxc6 20. Be4 Bxb2 21. Rab1 Rb8 22. Bxc6 Rf8 23. Bd5 Qf6 24. Qxf6 Bxf6 25. Rfe1 Rxb1 26. Rxb1 Re8 27. Rb7 Re7 28. Rxe7 Bxe7 29. Kf1 Kg7 30. Ke2 Bd8 31. f4 1/2-1/2

[Event "Hungarian Super League 2024-25"]
[Site "Hungary"]
[Date "2024.11.02"]
[Round "1.48"]
[White "Polyik, Peter"]
[Black "Szikszai, Bertalan"]
[Result "1-0"]
[ECO "A04"]
[WhiteElo "2323"]
[BlackElo "2283"]
[Annotator "RC"]
[PlyCount "67"]
[EventDate "2024.10.30"]
[EventType "team-tourn"]
[EventCountry "HUN"]
[SourceTitle "playchess.com"]
[Source "ChessBase"]
[SourceQuality "1"]
[TimeControl "40/5400+30:1800+30"]

1. Nf3 c5 2. c4 Nf6 3. g3 Nc6 4. Bg2 d5 5. cxd5 Nxd5 6. Nc3 Nc7 7. a3 e6 8. O-O Be7 9. e3 O-O 10. d4 cxd4 11. Nxd4 Nxd4 12. exd4 Rb8 13. Bf4 Bd6 14. Bxd6 Qxd6 15. Rc1 Rd8 16. Qh5 b6 17. Ne4 Qe7 18. Ng5 h6 19. Qxf7+ Qxf7 20. Nxf7 Kxf7 21. Rxc7+ Kf6 22. Rfc1 a5 23. f4 Ba6 24. d5 Rd6 25. dxe6 Rxe6 26. Ra7 Bd3 27. Rcc7 Bg6 28. g4 Rd8 29. f5 Rd1+ 30. Kf2 Rd2+ 31. Kg3 Re3+ 32. Kf4 Be8 33. Kxe3 Rxg2 34. Re7 1-0

[Event "Hungarian Super League 2024-25"]
[Site "Hungary"]
[Date "2024.11.02"]
[Round "1.49"]
[White "Szakmary, Domonkos"]
[Black "Karacsonyi, Kata"]
[Result "1/2-1/2"]
[ECO "B56"]
[WhiteElo "2174"]
[BlackElo "2239"]
[Annotator "RC"]
[PlyCount "94"]
[EventDate "2024.10.30"]
[EventType "team-tourn"]
[EventCountry "HUN"]
[SourceTitle "playchess.com"]
[Source "ChessBase"]
[SourceQuality "1"]
[TimeControl "40/5400+30:1800+30"]

1. e4 c5 2. Nf3 d6 3. d4 cxd4 4. Nxd4 Nf6 5. Nc3 Nc6 6. h3 e5 7. Nf3 Be7 8. Bc4 O-O 9. O-O h6 10. Qe2 a6 11. Rd1 Qc7 12. a4 Nb4 13. Na2 Nxa2 14. Bxa2 Qc6 15. Bd5 Nxd5 16. exd5 Qe8 17. c4 f5 18. c5 e4 19. cxd6 Bxd6 20. Nd2 Qe5 21. g3 Bc5 22. Nf1 f4 23. Bxf4 Rxf4 24. gxf4 Qxf4 25. Rac1 Qg5+ 26. Kh2 Bd6+ 27. Ng3 h5 28. Rxc8+ Rxc8 29. Qxe4 Kh8 30. h4 Qf6 31. Rd2 Bf4 32. Re2 Qxh4+ 33. Kg2 Bxg3 34. fxg3 Qxe4+ 35. Rxe4 Rc2+ 36. Kf3 Rd2 37. Rb4 Rxd5 38. Rxb7 Rd3+ 39. Kg2 Rd2+ 40. Kf3 Rd3+ 41. Kg2 Kh7 42. Rb6 g6 43. b4 Rb3 44. b5 axb5 45. Rxb5 Ra3 46. a5 Kh6 47. Rc5 Kg7 1/2-1/2